 Dungeon Crawl Stone Soup version 0.28.0-53-g5a82cb258f (webtiles) character file.

Game seed: 7892991965925508175

547 ZappyNine the Skirmisher (level 7, 0/39 HPs)
             Began as a Vine Stalker Fighter on June 1, 2022.
             Slain by an orc priest
             ... wielding a +0 falchion
              (2 damage)
             ... on level 4 of the Dungeon.
             The game lasted 00:03:25 (2444 turns).

ZappyNine the Skirmisher (Vine Stalker Fighter)     Turns: 2444, Time: 00:03:25

Health: 0/39       AC:  8    Str: 20    XL:     7   Next: 28%
Magic:  0/8        EV:  9    Int:  8    God:
Gold:   234        SH:  4    Dex: 14    Spells: 6/6 levels left

rFire   . . .      SeeInvis .   n - +1 whip (elec)
rCold   . . .      Faith    .   c - +0 buckler
rNeg    . . .      Spirit   +   b - +0 scale mail
rPois   .          Reflect  .   (no helmet)
rElec   .          Harm     .   (no cloak)
rCorr   .          Rampage  .   h - +0 pair of gloves
Will    .....                   (no boots)
Stlth   ..........              (no amulet)
HPRegen 0.93/turn               (no ring)
MPRegen 0.11/turn               (no ring)

@: no status effects
A: fangs 2, regeneration 1, magic shield, antimagic bite, no potion heal 2
a: no special abilities


You were on level 4 of the Dungeon.
You visited 1 branch of the dungeon, and saw 4 of its levels.

You collected 234 gold pieces.

Inventory:

Hand Weapons
 a - a +0 rapier
 n - a +1 whip of electrocution (weapon)
Armour
 b - a +0 scale mail (worn)
 c - a +0 buckler (worn)
 h - a +0 pair of gloves (worn)
Wands
 d - a wand of polymorph (11)
Scrolls
 f - 4 scrolls of identify {unknown}
 g - a scroll of magic mapping {unknown}
 j - a scroll of teleportation {unknown}
 k - a scroll of noise {unknown}
 l - a scroll of fog {unknown}
 m - a scroll of silence {unknown}
Potions
 e - a potion of heal wounds
 i - a potion of attraction {unknown}
 o - a potion of curing


   Skills:
 + Level 5.3 Fighting
 - Level 2.6 Short Blades
 + Level 4.8 Armour
 - Level 2.7 Shields


You had 6 spell levels left.
You didn't know any spells.
Your spell library contained the following spells:

 Spells                   Type           Power      Damage    Failure   Level
 Animate Dead             Necr           0%         N/A       100%        4
 Haunt                    Necr/Summ      0%         N/A       100%        7
 Infestation              Necr           0%         N/A       100%        8


Dungeon Overview and Level Annotations

Branches:
Dungeon (4/15)
 Temple: D:4-7

Altars:

Annotations:
D:4 1 transporter


Innate Abilities, Weirdness & Mutations

You have extremely sharp teeth.
Your natural rate of healing is unusually fast.
When hurt, damage is shared between your health and your magic reserves.
Your bite disrupts and absorbs the magic of your enemies.
Potions cannot restore your health.


Message History

The goblin shouts!
A goblin is nearby!
A goblin is nearby!
A goblin is nearby!
A goblin is nearby!
An orc priest comes into view. It is wielding a +0 falchion.
The orc priest shouts!
The orc priest calls down the wrath of Beogh upon you.
Beogh smites you!
An orc and an orc priest come into view.
The orc shouts!
The orc priest shouts!
An orc priest comes into view. It is wielding a +0 club.
The goblin hits you but does no damage.
An orc wizard comes into view. It is wielding a +0 dagger.
You whack the goblin!
You kill the goblin!
The orc priest invokes the aid of Beogh against you.
You resist with significant effort.
You see here a +0 club.
You hit the orc priest. Your bite misses the orc priest.
The orc priest is lightly wounded.
The orc priest invokes the aid of Beogh against you.
Beogh smites you! The orc hits you but does no damage.
The orc priest invokes the aid of Beogh against you.
Beogh smites you!
* * * LOW HITPOINT WARNING * * *
You hit the orc priest but do no damage.
The orc priest is lightly wounded.
The orc priest calls down the wrath of Beogh upon you.
Beogh smites you!
* * * LOW HITPOINT WARNING * * *
The orc wizard gestures wildly while chanting.
The orc wizard flickers and vanishes!
Deactivating autopickup; reactivate with Ctrl-A.
The orc closely misses you. The orc priest barely misses you.
Unknown command.
You barely miss the orc priest.
The orc priest is lightly wounded.
The orc priest hits you with a +0 falchion.
You die...

............##
#............#
#...........# #
...........# ..
#..{......#
...##........#
.....#ooo....#
#.....@o....#
#####..#...##
##.###.# #. #..#
# #.. ##.## #...
#..### ####....
#....#####.......
#................
#................


You could see 3 orc priests and an orc.

Vanquished Creatures
  Sigmund (D:4)
  Edmund (D:4)
  A bullfrog (D:4)
  A centaur zombie (D:4)
  A hound (D:4)
  Robin (D:4)
  4 adders
  A worm (D:3)
  3 dart slugs
  An orc (D:3)
  4 bats
  7 endoplasms
  10 giant cockroaches
  16 goblins
  7 hobgoblins
  3 jackals (D:3)
  4 kobolds
  4 quokkas
  3 ball pythons
  6 frilled lizards
  2 rats (D:2)
81 creatures vanquished.

Notes
Turn   | Place    | Note
-------+----------+-------------------------------------------
     0 | D:1      | ZappyNine the Vine Stalker Fighter began the quest for the
                  | Orb.
     0 | D:1      | Reached XP level 1. HP: 11/11 MP: 2/2
   175 | D:1      | Reached XP level 2. HP: 12/16 MP: 3/3
   619 | D:1      | Reached skill level 3 in Fighting
   853 | D:2      | Reached XP level 3. HP: 15/20 MP: 1/4
  1194 | D:2      | Gained mutation: Your natural rate of healing is unusually
                  | fast. [Vine Stalker growth]
  1194 | D:2      | Reached XP level 4. HP: 22/24 MP: 5/5
  1373 | D:3      | Found a faded altar of an unknown god.
  1988 | D:4      | Found a transporter.
  1995 | D:4      | Reached XP level 5. HP: 29/29 MP: 6/6
  1995 | D:4      | Noticed Sigmund
  2009 | D:4      | Killed Sigmund
  2010 | D:4      | Reached skill level 4 in Fighting
  2010 | D:4      | Reached XP level 6. HP: 23/34 MP: 3/7
  2024 | D:4      | Noticed Robin
  2071 | D:4      | Killed Robin
  2300 | D:4      | Noticed Edmund
  2319 | D:4      | Killed Edmund
  2320 | D:4      | Reached skill level 5 in Fighting
  2320 | D:4      | Reached XP level 7. HP: 17/39 MP: 5/8
  2443 | D:4      | HP: 1/39 [orc priest/divine providence (10)]
  2444 | D:4      | Slain by an orc priest

Illustrated notes

Levels and vault maps discovered:
D:1:      lightli_iron_boxes, layout_loops_cross
D:2:      minmay_roachtagon, layout_rooms
D:3:      layout_loops_ring, nicolae_ecumenical_oubliette
D:4:      layout_cave_pods, gammafunk_ghost_stat_death, uniq_robin, uniq_edmund,
          uniq_sigmund

Skill      XL: |  1  2  3  4  5  6 |
---------------+-------------------+-----
Short Blades   | 2 |  2.6
Fighting       | 3 4 5 |  5.3
Armour         | 3 4 |  4.8
Shields        | |  2.7

Action                   |  1- 3 |  4- 6 |  7- 9 || total
-------------------------+-------+-------+-------++-------
Melee: Rapier            |   100 |    20 |       ||   120
       Bite              |    12 |    28 |     3 ||    43
       Whip              |       |    92 |    14 ||   106
  Use: Potion            |       |     4 |       ||     4
Armor: Scale mail        |    43 |    53 |     6 ||   102
Dodge: Dodged            |    49 |    54 |     9 ||   112
Block: Buckler           |    18 |    26 |       ||    44
